 Dungeon Crawl Stone Soup version 0.18-a0-1805-g8ab820f (webtiles) character file.

350 varam the Skirmisher (level 6, -11/53 HPs)
             Began as a Centaur Fighter on Apr 26, 2016.
             Was an Initiate of Okawaru.
             Mangled by an orc
             ... wielding a +1 dagger of electrocution
              (20 damage)
             ... on level 3 of the Dungeon.
             The game lasted 00:11:28 (3671 turns).

varam the Skirmisher (Centaur Fighter)              Turns: 3671, Time: 00:11:29

Health: -11/53     AC:  8    Str: 20    XL:     6   Next: 33%
Magic:  6/6        EV:  5    Int:  7    God:    Okawaru [......]
Gold:   117        SH:  8    Dex:  9    Spells: 0 memorised, 5 levels left

rFire  . . .     SeeInvis .     a - +0 trident
rCold  . . .     Gourm    .     b - +0 scale mail
rNeg   . . .     Faith    .     c - +0 shield
rPois  .         Spirit   .     (no helmet)
rElec  .         Dismiss  .     z - +0 cloak
rCorr  .         Reflect  .     (no gloves)
SustAt .         Harm     .     (no barding)
MR     .....                    (no amulet)
Stlth  ..........               (no ring)
                                (no ring)

@: very quick, not resistant to hostile enchantments, extremely unstealthy
A: hooves 3, deformed body, speed 2, tough skin 3
a: Renounce Religion


You were on level 3 of the Dungeon.
You worshipped Okawaru.
Okawaru was noncommittal.
You were not hungry.

You visited 1 branch of the dungeon, and saw 3 of its levels.

You collected 117 gold pieces.

Inventory:

Hand Weapons
 a - a +0 trident (weapon)
Missiles
 o - 39 arrows
Armour
 b - a +0 scale mail (worn)
 c - a +0 shield (worn)
 z - a +0 cloak (worn)
Jewellery
 g - an uncursed ring of protection from magic {unknown}
Scrolls
 e - 2 scrolls of amnesia {unknown}
 i - 6 scrolls of identify {unknown}
 j - 3 scrolls of remove curse {unknown}
 m - a scroll of enchant armour {unknown}
 p - 2 scrolls of recharging {unknown}
 s - a scroll of immolation {unknown}
 w - a scroll of random uselessness {unknown}
 y - a scroll of magic mapping {unknown}
Potions
 d - 2 potions of might
 h - a potion of lignification {unknown}
 k - a potion of degeneration {unknown}
 l - 2 potions of curing
 q - 2 potions of heal wounds {unknown}
 r - 2 potions of berserk rage {unknown}
 t - a potion of resistance {unknown}
 u - a potion of ambrosia {unknown}
Comestibles
 f - a bread ration
 n - a royal jelly
 v - 8 chunks of flesh
 x - 2 meat rations


   Skills:
 + Level 4.6 Fighting
 + Level 3.5 Polearms
 + Level 3.2 Armour
 - Level 0.3 Dodging
 + Level 2.9 Shields


You had 5 spell levels left.
You didn't know any spells.

Dungeon Overview and Level Annotations

Branches:
Dungeon (3/15)

Altars:
Cheibriados
Okawaru
Zin


Innate Abilities, Weirdness & Mutations

You have hooves in place of feet.
Armour fits poorly on your strangely shaped body.
You cover ground very quickly.
You have extremely tough skin (AC +3).


Message History

You barely miss the orc. The orc hits you but does no damage.
You are electrocuted!
You block the orc's attack.
You hit the orc.
The orc is moderately wounded.
The orc hits you but does no damage.
You are electrocuted!
* * * LOW HITPOINT WARNING * * *
You are too injured to fight recklessly!
You are too injured to fight recklessly!
You closely miss the orc. You kick the orc.
The orc is heavily wounded.
The orc hits you but does no damage.
You hit the orc but do no damage. You kick the orc, but do no damage.
The orc is heavily wounded.
The orc hits you but does no damage.
You closely miss the orc. Your kick misses the orc.
The orc is heavily wounded.
The orc hits you with a dagger of electrocution.
* * * LOW HITPOINT WARNING * * *
You are electrocuted!
You die...

#.##...........
#####.##.#>........
#...........#......
#...........#...###
#.###....##.#...# #
#$ #.....##.##### #
#. #....###.#####
#o##....#.......#
#.@.............#
####.####.......# #
#.......#.......# #
#...#.<.#..)....###
#..###..........##.
#...#.#.#.......##.
#..#.##.##########.
#..#.#..).....# #.
#.......#####.# #.


You could see an orc.

Vanquished Creatures
  An orc wizard (D:3)
  An orc priest (D:3)
  Natasha (thrice) (D:2)
  Terence (D:3)
  An iguana (D:3)
  5 gnolls
  4 adders
  An ooze (D:2)
  3 worms
  2 giant geckos (D:1)
  3 orcs (D:3)
  A ball python (D:1)
  11 bats
  5 giant cockroaches
  9 goblins
  7 hobgoblins
  8 kobolds
  5 giant newts
  8 rats
79 creatures vanquished.

Notes
Turn   | Place    | Note
--------------------------------------------------------------
     0 | D:1      | varam the Centaur Fighter began the quest for the Orb.
     0 | D:1      | Reached XP level 1. HP: 19/19 MP: 1/1
   387 | D:1      | Reached XP level 2. HP: 23/26 MP: 2/2
  1049 | D:1      | Reached XP level 3. HP: 31/31 MP: 3/3
  1745 | D:2      | Noticed Natasha
  2112 | D:2      | Reached XP level 4. HP: 35/40 MP: 4/4
  2143 | D:2      | Reached skill level 4 in Fighting
  2514 | D:2      | Killed Natasha
  2514 | D:2      | Reached XP level 5. HP: 41/46 MP: 5/5
  2665 | D:2      | Noticed Natasha
  2671 | D:2      | Killed Natasha
  2748 | D:2      | Noticed Natasha
  2758 | D:2      | Killed Natasha
  3049 | D:3      | Found a glowing silver altar of Zin.
  3057 | D:3      | Found an iron altar of Okawaru.
  3060 | D:3      | Found a snail-covered altar of Cheibriados.
  3066 | D:3      | Became a worshipper of Warmaster Okawaru
  3239 | D:3      | Reached XP level 6. HP: 30/53 MP: 6/6
  3564 | D:3      | Noticed Terence
  3583 | D:3      | Killed Terence
  3671 | D:3      | Mangled by an orc

Vault maps used:
D:1:      lemuel_arrival_funnel
D:2:      uniq_natasha
D:3:      minitemple, uniq_terence

Skill      XL: |  1  2  3  4  5 |
---------------+----------------+-----
Polearms       | 2 3 |  3.5
Fighting       | 4 |  4.6
Armour         | 3 |  3.2
Dodging        | |  0.3
Shields        | |  2.9

Action                   |  1- 3 |  4- 6 || total
-------------------------+-------+-------++-------
Melee: Trident           |   162 |   159 ||   321
       Kick              |    21 |    32 ||    53
  Eat: Chunk             |     3 |     5 ||     8
Armor: Scale mail        |    69 |    64 ||   133
Dodge: Dodged            |    39 |    16 ||    55
Block: Shield            |    64 |    47 ||   111
